 Dungeon Crawl Stone Soup version 0.30-a0-900-g23479c02f2 (webtiles) character file.

Game seed: 77026994919184828

80 hikkokomori the Ducker (level 4, 0/35 HPs)
             Began as a Merfolk Gladiator on Mar 18, 2023.
             Was an Initiate of Okawaru.
             Slain by Sigmund
             ... wielding a +1 scythe of venom
              (3 damage)
             ... on level 2 of the Dungeon.
             The game lasted 00:02:17 (1695 turns).

hikkokomori the Ducker (Merfolk Gladiator)          Turns: 1695, Time: 00:02:17

Health: 0/35       AC:  8    Str: 18    XL:     4   Next: 39%
Magic:  5/5        EV: 12    Int:  6    God:    Okawaru [......]
Gold:   26         SH:  0    Dex: 16    Spells: 3/3 levels left

rFire   . . .      SeeInvis .    a - +0 long sword
rCold   . . .      Faith    .    (no shield)
rNeg    . . .      Spirit   .    n - +2 ring mail {Will+}
rPois   .          Reflect  .    c - +0 helmet
rElec   .          Rampage  .    (no cloak)
rCorr   .                        (no gloves)
Will    +....                    (no boots)
Stlth   +                        (no amulet)
HPRegen 0.25/turn                (no ring)
MPRegen 0.09/turn                (no ring)

@: lethally poisoned (0 -> -14)
A: (nimble swimmer 2), mertail, claws 1, strong 1
a: Renounce Religion


You were on level 2 of the Dungeon.
You worshipped Okawaru.
Okawaru was noncommittal.
You visited 1 branch of the dungeon, and saw 2 of its levels.

You collected 26 gold pieces.

Inventory:

Hand Weapons
 a - a +0 long sword (weapon)
Missiles
 d - 3 throwing nets (quivered)
 e - a javelin
 k - a silver javelin
Armour
 b - a +0 leather armour
 c - a +0 helmet (worn)
 n - a +2 ring mail of willpower (worn)
Scrolls
 g - 2 scrolls of identify {unknown}
 i - a scroll of enchant armour {unknown}
 m - a scroll of fear {unknown}
Potions
 f - a potion of heal wounds
 h - a potion of cancellation {unknown}
 j - a potion of mutation
 l - a potion of resistance {unknown}
 o - a potion of attraction {unknown}
 p - a potion of berserk rage {unknown}


   Skills:
 + Level 3.0 Fighting
 + Level 4.3 Long Blades
 - Level 2.0 Throwing
 + Level 0.4 Armour
 - Level 4.5 Dodging
 + Level 1.0 Stealth
 + Level 1.7 Invocations


You had 3 spell levels left.
You didn't know any spells.
Your spell library contained the following spells:

 Spells                   Type           Power      Damage    Failure   Level
 Ensorcelled Hibernation  Hex/Ice        0%         N/A       80%         2
 Passwall                 Tmut/Erth      0%         N/A       80%         2
 Swiftness                Air            0%         N/A       95%         3


Dungeon Overview and Level Annotations

Branches:
Dungeon (2/15)

Altars:
Okawaru

Annotations:
D:2 Sigmund


Innate Abilities, Weirdness & Mutations

((You are very nimble when in or above water. (Stealth+, EV+, Speed+++)))
Your lower body shifts to a powerful aquatic tail in water.
You have sharp fingernails.
Your muscles are strong. (Str +4, Int/Dex -1)


Message History

You feel very sick. Sigmund misses you.
You slash Sigmund!
Sigmund is heavily wounded.
You feel sick.
You slash Sigmund!
Sigmund is severely wounded.
You feel sick.
Sigmund hits you with a +1 scythe of venom.
You are more poisoned.
You closely miss Sigmund.
Sigmund is severely wounded.
You feel very sick.
Sigmund hits you with a +1 scythe of venom.
You are lethally poisoned!
You closely miss Sigmund.
Sigmund is severely wounded.
* * * LOW HITPOINT WARNING * * *
You feel very sick.
Sigmund gestures wildly while chanting.
Sigmund flickers and vanishes!
Deactivating autopickup; reactivate with Ctrl-A.
It was a potion of heal wounds.
You feel much better.
You feel very sick. Something hits you.
You are lethally poisoned!
You closely miss something.
* * * LOW HITPOINT WARNING * * *
You feel extremely sick.
You hear some strange, mumbled words.
A magic dart appears from out of thin air!
The magic dart hits you.
* * * LOW HITPOINT WARNING * * *
Throw: 2 javelins (silver)
Press: ? - help, Shift-Dir - straight line You throw a silver javelin.
* * * LOW HITPOINT WARNING * * *
You feel extremely sick. Something hits you.
You die...

.# ### .# ##.## .#
###.#.##
.#####..###.##
.......## ##.#####
..####..###.....(#
...# #.#.#..####.#
..## #.##....# #{#
.## #.####..###@#
.# #.# #......# .#
#.####..##### '##
#.......# <.##
#######.# ...##
###.### ....##
##.....#
.....####......#
.....'.........#


There were no monsters in sight!

Vanquished Creatures
  Natasha (D:2)
  An adder (D:2)
  4 worms (D:2)
  3 ball pythons
  5 bats
  An endoplasm (D:2)
  2 giant cockroaches
  A goblin (D:2)
  A hobgoblin (D:2)
  6 jackals (D:1)
  4 quokkas
  A kobold (D:2)
  A rat (D:1)
31 creatures vanquished.

Notes
Turn   | Place    | Note
-------+----------+-------------------------------------------
     0 | D:1      | hikkokomori the Merfolk Gladiator began the quest for the
                  | Orb.
     0 | D:1      | Reached XP level 1. HP: 16/16 MP: 1/1
   230 | D:1      | Found an iron altar of Okawaru.
   240 | D:1      | Became a worshipper of Warmaster Okawaru
   298 | D:1      | Reached XP level 2. HP: 23/23 MP: 2/2
   759 | D:2      | Reached skill level 1 in Invocations
   891 | D:2      | Reached XP level 3. HP: 27/28 MP: 3/3
  1369 | D:2      | Noticed Natasha
  1381 | D:2      | Killed Natasha
  1382 | D:2      | Reached XP level 4. HP: 20/35 MP: 5/5
  1447 | D:2      | Reached skill level 1 in Stealth
  1685 | D:2      | Noticed Sigmund
  1686 | D:2      | Gained mutation: Your muscles are strong. (Str +4, Int/Dex
                  | -1) [potion of mutation]
  1686 | D:2      | Gained mutation: You have sharp fingernails. [potion of
                  | mutation]
  1695 | D:2      | Slain by Sigmund

Illustrated notes

Levels and vault maps discovered:
D:1:      dpeg_arrival_water_altar, layout_loops_ring
D:2:      minmay_chambers_of_ones, layout_loops_corners, nrook_loot_triangle,
          uniq_natasha, uniq_sigmund

Skill      XL: |  1  2  3  4 |
---------------+-------------+-----
Long Blades    | 4 |  4.3
Invocations    | 1 |  1.7
Fighting       | 3 |  3.0
Stealth        | 1 |  1.0
Throwing       | |  2.0
Armour         | |  0.4
Dodging        | |  4.5

Action                     |  1- 3 |  4- 6 || total
---------------------------+-------+-------++-------
  Melee: Long sword        |    99 |    13 ||   112
  Throw: Javelin           |       |     1 ||     1
    Use: Potion            |       |     2 ||     2
   Stab: Sleeping          |     3 |     1 ||     4
 Armour: Leather armour    |    25 |       ||    25
         Ring mail         |     8 |     2 ||    10
  Dodge: Dodged            |    75 |     6 ||    81

Table legend: (Time is in decaauts)
 A = Elapsed time spent in this place.
 B = Non-inter-level travel time spent in this place.
 C = Inter-level travel time spent in this place.
 D = Time resting spent in this place.
 E = Time spent auto-exploring this place.
 F = Levels seen in this place.
 G = Mean time per level.
                   A        B        C        D        E       F      G
               +--------+--------+--------+--------+--------+-----+--------+
         Total |   1719 |   1634 |     85 |      0 |   1340 |   2 |  859.5 |
       Dungeon |   1719 |   1634 |     85 |      0 |   1340 |   2 |  859.5 |
               +--------+--------+--------+--------+--------+-----+--------+

Top non-repeatable levels by time:
     D:2: 980 daAuts
     D:1: 738 daAuts
